 Dungeon Crawl Stone Soup version 0.28-a0-43-g560ac104fe (webtiles) character file.

Game seed: 16613870519391344502

15169 robertstho the Grappler (level 11, -6/165 HPs)
             Began as a Troll Berserker on July 28, 2021.
             Was a High Priest of Trog.
             Mangled by a two-headed ogre (25 damage)
             ... on level 11 of the Dungeon.
             The game lasted 00:11:24 (8328 turns).

robertstho the Grappler (Troll Berserker)           Turns: 8328, Time: 00:11:25

Health: -6/165     AC: 13    Str: 28    XL:     11   Next: 98%
Magic:  10/10      EV: 10    Int:  5    God:    Trog [*****.]
Gold:   755        SH:  0    Dex:  9    Spells: 10/10 levels left

rFire   + . .      SeeInvis .     - Unarmed
rCold   . . .      Faith    .   (no shield)
rNeg    . . .      Spirit   .   m - +0 swamp dragon scales
rPois   +          Reflect  .   (helmet restricted)
rElec   .          Harm     .   j - +0 cloak
rCorr   .          Rampage  .   (gloves unavailable)
Will    .....                   (boots unavailable)
Stlth   ..........              (no amulet)
HPRegen 1.37/turn               s - ring of protection from fire
MPRegen 0.12/turn               l - +4 ring of slaying

@: berserking, very quick
A: large, unfitting armour, claws 3, regeneration 1, shaggy fur 1, tough skin 1
a: Renounce Religion, Berserk, Trog's Hand, Brothers in Arms


You were on level 11 of the Dungeon.
You worshipped Trog.
Trog was extremely pleased with you.
You visited 1 branch of the dungeon, and saw 11 of its levels.

You collected 825 gold pieces.
You spent 70 gold pieces at shops.

Inventory:

Armour
 j - a +0 cloak (worn)
 m - +0 swamp dragon scales (worn)
Jewellery
 d - a ring of positive energy
 l - a +4 ring of slaying (right claw)
 r - a ring of poison resistance
 s - a ring of protection from fire (left claw)
 x - a ring of positive energy
 B - a ring of flight
Wands
 a - a wand of charming (9)
 k - a wand of mindburst (12)
 y - a wand of polymorph (9)
 A - a wand of iceblast (9)
Scrolls
 b - a scroll of enchant armour
 e - 2 scrolls of holy word
 f - 2 scrolls of magic mapping
 n - a scroll of fog
 p - 2 scrolls of immolation
 q - 4 scrolls of teleportation
 t - 2 scrolls of blinking
 u - a scroll of identify
 v - 3 scrolls of enchant weapon
 C - a scroll of summoning
Potions
 c - a potion of resistance {unknown}
 g - 4 potions of flight {unknown}
 h - 6 potions of lignification {unknown}
 i - 4 potions of magic {unknown}
 o - 3 potions of haste
 w - a potion of mutation {unknown}
 z - 2 potions of curing
Miscellaneous
 D - a lightning rod (4/4)


   Skills:
 * Level 7.7 Fighting
 * Level 8.6 Armour
 + Level 5.9 Dodging
 + Level 1.2 Stealth
 + Level 12.7 Unarmed Combat


You had 10 spell levels left.
You didn't know any spells.
Your spell library was empty.

Dungeon Overview and Level Annotations

Branches:
Dungeon (11/15)            Temple (0/1) D:5            Lair (0/6) D:11
    Orc: D:9-12

Altars:
Dithmenos
Trog
Yredelemnul

Shops:
D:6 *

Annotations:
D:7 2 transporters, robertstho's ghost, novice HuBe


Innate Abilities, Weirdness & Mutations

You are too large for most types of armour.
You have claws for hands.
Your natural rate of healing is unusually fast.
You are covered in fur. (AC +1)
You have tough skin. (AC +1)


Message History

The white ugly thing is heavily wounded.
The white ugly thing stings you but does no damage.
The centaur warrior shoots an arrow.
The arrow hits you!
You mangle the white ugly thing!!
The white ugly thing is almost dead.
The centaur warrior shoots an arrow.
The arrow hits you!
Unknown command.
A red film seems to cover your vision as you go berserk!
You feel yourself moving faster!
You feel mighty!
The white ugly thing stings you but does no damage.
A two-headed ogre comes into view.
It is wielding a +0 giant spiked club and a +0 giant club.
You claw the centaur warrior!
The centaur warrior is moderately wounded.
The white ugly thing stings you! The white ugly thing freezes you!!
* * * LOW HITPOINT WARNING * * *
The centaur warrior unwields a +0 shortbow.
The centaur warrior barely misses you.
The centaur warrior kicks you but does no damage.
You claw the centaur warrior!
The centaur warrior is heavily wounded.
Unknown command.
You eviscerate the centaur warrior!!!
You kill the centaur warrior!
Trog accepts your kill. The white ugly thing stings you.
* * * LOW HITPOINT WARNING * * *
The white ugly thing freezes you!!
* * * LOW HITPOINT WARNING * * *
You claw the white ugly thing!
You kill the white ugly thing!
Trog accepts your kill.
Unknown command.
You claw the two-headed ogre!
The two-headed ogre is moderately wounded.
The wraith hits you.
* * * LOW HITPOINT WARNING * * *
You barely miss the two-headed ogre.
The two-headed ogre is moderately wounded.
The two-headed ogre hits you with a +0 giant spiked club!!
You die...

..#####..#.....#.###.......#####.
..|..#...###..##...###...........
######..###...#.... ###....####.
# #.....#..##..# ###.## #.
###......#...# #.# ##
#########...##..# #.#
....#...###.'..(# #.#
###.#....####..### ###.#
###...##.###....@# #...##
...........###.cWO.# #....#
##...###.###.###......####..#####
#.............####...## ##.#....
.....>##....†###.###.# #......
....#.###.###......#### #.#....
...##......######.[...## #.#####
...##......# #..^#...####.#####
....##<....# ###..##[....).....^#


You could see a two-headed ogre, a wraith and a centaur.

Vanquished Creatures
  A centaur warrior (D:11)
  3 death yaks (D:11)
  3 two-headed ogres
  A skeletal warrior (D:11)
  A cyclops (D:11)
  An ugly thing (D:11)
  5 unseen horrors
  2 trolls (D:11)
  A hornet (D:7)
  A meliai zombie (D:11)
  A shadow (D:11)
  2 wraiths
  12 yaks
  3 steam dragons
  Menkaure (D:6)
  Edmund (D:6)
  2 wargs (D:10)
  8 orc warriors
  A hornet zombie (D:8)
  2 ice beasts
  A sky beast (D:8)
  2 black bears (D:6)
  A centaur (D:10)
  A necrophage (D:7)
  3 ogres
  A kobold brigand (D:8)
  2 bullfrogs
  3 wyvern zombies (D:8)
  2 scorpions
  2 water moccasin skeletons (D:5)
  9 killer bees
  2 howler monkeys
  6 centaur zombies
  A hound (D:7)
  3 jellies
  7 orc priests
  A bullfrog skeleton (D:6)
  3 centaur skeletons
  4 iguanas
  6 orc wizards
  3 howler monkey zombies
  4 adders
  2 gnolls (D:8)
  A howler monkey skeleton (D:5)
  2 white imps
  2 ufetubi
  An adder skeleton (D:4)
  2 dart slugs
  40 orcs
  4 ball pythons
  3 bats
  3 endoplasms
  5 giant cockroaches
  10 goblins
  8 hobgoblins
  19 jackals
  8 quokkas
  4 frilled lizards
  19 kobolds
  7 rats
  2 bushes (D:1)
261 creatures vanquished.

Vanquished Creatures (collateral kills)
  2 wargs (D:10)
  3 orc warriors (D:10)
  A centaur (D:8)
  A gnoll sergeant (D:8)
  3 gnolls (D:8)
10 creatures vanquished.

Vanquished Creatures (others)
  A water moccasin (D:7)
  5 plants (D:1)
6 creatures vanquished.

Grand Total: 277 creatures vanquished

Notes
Turn   | Place    | Note
-------+----------+-------------------------------------------
     0 | D:1      | robertstho the Troll Berserker began the quest for the Orb.
     0 | D:1      | Reached XP level 1. HP: 22/22 MP: 0/0
   284 | D:1      | Reached XP level 2. HP: 23/29 MP: 1/1
  1145 | D:2      | Reached ** piety under Trog
  1146 | D:2      | Reached XP level 3. HP: 36/36 MP: 2/2
  1619 | D:3      | Reached XP level 4. HP: 45/45 MP: 3/3
  2241 | D:3      | Reached *** piety under Trog
  2477 | D:4      | Noticed an ogre
  2487 | D:4      | Killed an ogre
  2488 | D:4      | Reached skill level 1 in Armour
  2488 | D:4      | Reached skill level 4 in Unarmed Combat
  2488 | D:4      | Reached XP level 5. HP: 53/53 MP: 4/4
  2521 | D:4      | Reached XP level 6. HP: 58/61 MP: 5/5
  2555 | D:4      | Reached skill level 5 in Unarmed Combat
  3017 | D:5      | Entered Level 5 of the Dungeon
  3057 | D:5      | Found a shadowy altar of Dithmenos.
  3090 | D:5      | Reached XP level 7. HP: 67/68 MP: 6/6
  3170 | D:5      | Found a staircase to the Ecumenical Temple.
  3185 | D:5      | Reached **** piety under Trog
  3715 | D:6      | Reached skill level 6 in Unarmed Combat
  3860 | D:6      | Found Taxerphoo's General Store.
  3862 | D:6      | Noticed Menkaure
  3872 | D:6      | Killed Menkaure
  3882 | D:6      | Reached XP level 8. HP: 66/78 MP: 7/7
  3889 | D:6      | Bought a scroll of fog for 28 gold pieces
  3889 | D:6      | Bought a potion of curing for 42 gold pieces
  3932 | D:6      | Reached skill level 7 in Unarmed Combat
  4238 | D:6      | Noticed Edmund
  4247 | D:6      | Killed Edmund
  4469 | D:7      | Reached skill level 5 in Armour
  4474 | D:7      | Reached XP level 9. HP: 87/87 MP: 8/8
  4515 | D:7      | Reached skill level 5 in Fighting
  4515 | D:7      | Reached skill level 8 in Unarmed Combat
  4612 | D:7      | Found a transporter.
  4616 | D:7      | Noticed a moth of wrath
  4617 | D:7      | Found a bloodstained altar of Trog.
  4617 | D:7      | Noticed robertstho's ghost (novice HuBe)
  4788 | D:7      | Found a transporter.
  5445 | D:8      | Reached ***** piety under Trog
  5603 | D:8      | Found a basalt altar of Yredelemnul.
  5612 | D:8      | Reached skill level 9 in Unarmed Combat
  6053 | D:9      | Identified the +8 hunting sling "Cairphol" {vorpal, Str+4
                  | Stlth+}
  6097 | D:9      | Reached XP level 10. HP: 96/96 MP: 9/9
  6150 | D:9      | Reached skill level 10 in Unarmed Combat
  6177 | D:9      | Noticed a two-headed ogre
  6182 | D:9      | Killed a two-headed ogre
  6500 | D:10     | Entered Level 10 of the Dungeon
  6715 | D:10     | Reached skill level 5 in Dodging
  6839 | D:10     | Noticed a two-headed ogre
  6845 | D:10     | Killed a two-headed ogre
  7113 | D:10     | Reached skill level 11 in Unarmed Combat
  7413 | D:11     | Noticed a two-headed ogre
  7417 | D:11     | Killed a two-headed ogre
  7418 | D:11     | Reached XP level 11. HP: 107/107 MP: 10/10
  7495 | D:11     | Noticed a skeletal warrior
  7503 | D:11     | Killed a skeletal warrior
  7740 | D:11     | Reached skill level 1 in Stealth
  7813 | D:11     | Noticed a death yak
  7815 | D:11     | Found a staircase to the Lair.
  7824 | D:11     | Killed a death yak
  7847 | D:11     | Noticed a death yak
  7848 | D:11     | Noticed a death yak
  7857 | D:11     | Killed a death yak
  7871 | D:11     | Killed a death yak
  7880 | D:11     | Reached skill level 12 in Unarmed Combat
  8184 | D:11     | Received a gift from Trog
  8315 | D:11     | Noticed a white ugly thing
  8315 | D:11     | Noticed a centaur warrior
  8322 | D:11     | Noticed a two-headed ogre
  8325 | D:11     | Killed a centaur warrior
  8326 | D:11     | Killed a white ugly thing
  8328 | D:11     | Mangled by a two-headed ogre

Illustrated notes

Levels and vault maps discovered:
D:1:      elethiomel_arrival_maze, layout_loops_corners, serial_forest,
          infiniplex_forest_clump_large, infiniplex_forest_clump_long,
          infiniplex_forest_split, infiniplex_forest_lined_4_way,
          infiniplex_forest_lined_3, infiniplex_forest_straight_5,
          infiniplex_forest_clump_long
D:2:      layout_rooms, interstate_on_off
D:3:      layout_basic
D:4:      layout_cave_pools
D:5:      layout_gridville, minmay_temple_entry_overgrown, minivault_4,
          minmay_ruined_shrine
D:6:      corexii_shack_village, layout_basic, serial_shops, nicolae_shop_stone,
          nrook_mini_vaults, uniq_edmund, uniq_menkaure
D:7:      layout_loops_cross, gammafunk_ghost_wrathful_warriors,
          minmay_chambers_of_fives
D:8:      layout_loops_cross, nicolae_yredelemnul_corpse_copse
D:9:      layout_rooms
D:10:     minmay_octagon_keep, layout_gridville, nooodl_orcs_dogs
D:11:     minmay_slanted_spiral_squares, layout_rooms, dpeg_lair_monsters

Skill      XL: |  1  2  3  4  5  6  7  8  9 10 11 |
---------------+----------------------------------+-----
Fighting       | 3 4 5 6 7 |  7.7
Dodging        | 3 4 5 |  5.9
Armour         | 1 2 3 5 6 7 8 |  8.6
Unarmed Combat | 4 5 6 7 9 11 12 | 12.7
Stealth        | 1 |  1.2

Action                   |  1- 3 |  4- 6 |  7- 9 | 10-12 || total
-------------------------+-------+-------+-------+-------++-------
Melee: Unarmed           |   184 |   145 |   276 |   221 ||   826
       Punch             |     5 |     2 |     7 |     9 ||    23
Invok: Berserk           |     1 |       |     5 |     6 ||    12
       Brothers in Arms  |       |       |     1 |     1 ||     2
       Trog's Hand       |       |       |     1 |       ||     1
  Use: Scroll            |     5 |       |     8 |     1 ||    14
       Potion            |       |       |     1 |       ||     1
Armor: Animal skin       |    55 |    50 |       |       ||   105
       Swamp dragon scal |       |    12 |   198 |   150 ||   360
Dodge: Dodged            |    57 |    66 |   196 |    88 ||   407

Table legend: (Time is in decaauts)
 A = Elapsed time spent in this place.
 B = Non-inter-level travel time spent in this place.
 C = Inter-level travel time spent in this place.
 D = Time resting spent in this place.
 E = Time spent auto-exploring this place.
 F = Levels seen in this place.
 G = Mean time per level.
                   A        B        C        D        E       F      G
               +--------+--------+--------+--------+--------+-----+--------+
         Total |   8310 |   8117 |    193 |    500 |   5997 |  11 |  755.5 |
       Dungeon |   8310 |   8117 |    193 |    500 |   5997 |  11 |  755.5 |
               +--------+--------+--------+--------+--------+-----+--------+

Top non-repeatable levels by time:
     D:1: 1128 daAuts
    D:10: 1115 daAuts
     D:7: 1030 daAuts
     D:3: 906 daAuts
     D:8: 738 daAuts
    D:11: 715 daAuts
     D:6: 647 daAuts
     D:5: 604 daAuts
     D:4: 534 daAuts
     D:9: 455 daAuts
     D:2: 433 daAuts
